 Dungeon Crawl Stone Soup version 0.23-a0-470-g6f7cfd9 (webtiles) character file.

2 Lavandula the Sneak (level 1, 1/15 HPs)
             Began as a Naga Air Elementalist on Nov 26, 2018.
             Quit the game on level 1 of the Dungeon.
             The game lasted 00:00:33 (25 turns).

Lavandula the Sneak (Naga Air Elementalist)           Turns: 25, Time: 00:00:34

Health: 1/15       AC:  1    Str: 10    XL:     1   Next: 40%
Magic:  0/3        EV: 10    Int: 15    God:
Gold:   0          SH:  0    Dex: 11    Spells: 3/4 levels left

rFire    . . .     SeeInvis +   (no weapon)
rCold    . . .     Gourm    .   (no shield)
rNeg     . . .     Faith    .   a - +0 robe
rPois    +         Spirit   .   (no helmet)
rElec    .         Reflect  .   (no cloak)
rCorr    .         Harm     .   (no gloves)
MR       .....                  (no barding)
Stlth    ++........             (no amulet)
HPRegen  0.05/turn              (no ring)
MPRegen  0.08/turn              (no ring)

@: lethally poisoned (1 -> -5), short of breath, very slow
A: large, see invisible, deformed body, poison resistance, slowness 2, slow
metabolism 1, spit poison 1, AC +0
a: Spit Poison


You were on level 1 of the Dungeon.
You were not hungry.

You visited 1 branch of the dungeon, and saw 2 of its levels.

Inventory:

Armour
 a - a +0 robe (worn)
Comestibles
 c - a ration


   Skills:
 - Level 1.5 Dodging
 - Level 3.0 Stealth
 - Level 2.2 Spellcasting
 - Level 1.0 Conjurations
 - Level 3.0 Air Magic


You had 3 spell levels left.
You knew the following spells:

 Your Spells              Type           Power        Failure   Level  Hunger
a - Shock                 Conj/Air       #...         10%         1    #......

Your spell library contained the following spells:

 Spells                   Type           Power        Failure   Level  Hunger
 Swiftness                Chrm/Air       #.......     19%         2    ###....
 Static Discharge         Conj/Air       #.......     28%         3    ###....
 Airstrike                Air            ##........   54%         4    #####..
 Lightning Bolt           Conj/Air       #.........   95%         5    ######.


Dungeon Overview and Level Annotations

Branches:
Dungeon (2/15)

Altars:


Innate Abilities, Weirdness & Mutations

You cannot wear boots.
Your serpentine skin is tough. (AC +0)
You have supernaturally acute eyesight. (SInv)
Armour fits poorly on your strangely shaped body.
Your system is resistant to poisons. (rPois)
You cover ground very slowly.
You have a slow metabolism.
You can spit poison.


Message History

Confirm with . or Enter, or press ? or * to list all spells.
Aiming: Shock (safe; 10% risk of failure)
Press: ? - help, Shift-Dir - straight line, f/p - adder
Aim: an adder (water, heavily wounded)
The zap hits the adder.
The adder is almost dead.
You feel sick. The adder bites you.
You can't do that yet.
Unknown command.
Casting: Shock (safe; 10% risk of failure)
Confirm with . or Enter, or press ? or * to list all spells.
You don't have enough magic to cast that spell.
Unknown command.
The adder bites you.
* * * LOW HITPOINT WARNING * * *
The adder bites you.
* * * LOW HITPOINT WARNING * * *
You aren't carrying any scrolls.
Unknown command.
Are you sure you want to abandon this character and quit the game? (Confirm

#..≈≈≈≈≈≈.≈≈≈..##
..≈≈≈≈≈≈.≈≈≈≈≈...
#≈≈≈≈≈≈≈.≈≈≈≈≈≈##
≈≈≈8≈≈≈≈≈.≈≈8≈≈≈#
≈≈≈≈≈≈≈≈≈≈.≈≈≈≈≈#
≈≈≈≈≈≈≈≈≈≈.≈≈≈≈≈#
≈≈≈≈≈≈≈≈≈≈.≈≈≈≈≈#
≈≈≈≈≈≈≈<.@≈≈≈≈≈≈#
≈≈≈≈≈≈..S≈≈≈≈≈≈≈#
≈≈≈≈≈.≈≈≈≈≈≈≈≈≈≈#
≈≈≈≈≈.≈≈≈≈≈≈≈≈≈≈.
≈≈≈≈≈.≈≈≈≈≈≈≈≈≈≈.
≈≈≈8≈≈.≈≈≈≈≈8≈≈≈#
.≈≈≈≈≈≈.≈≈≈≈≈≈≈##
..≈≈≈≈≈.≈≈≈≈≈≈##
..≈≈≈.≈≈≈≈≈≈##


You could see an adder.

Vanquished Creatures
  A goblin (D:2)
  A jackal (D:1)
2 creatures vanquished.

Notes
Turn   | Place    | Note
-------+----------+-------------------------------------------
     0 | D:1      | Lavandula the Naga Air Elementalist began the quest for the
                  | Orb.
     0 | D:1      | Reached XP level 1. HP: 15/15 MP: 3/3
    25 | D:1      | Quit the game

Vault maps used:
D:1:      nzn_arrival_water_spiral, hex_intersection
D:2:      old_standard_altar, zin_academy, uniq_sigmund, uniq_jessica

Action                   || total
-------------------------++-------
 Cast: Shock             ||     4
 Abil: Spit Poison       ||     1
Armor: Robe              ||     1
Dodge: Dodged            ||     3

Table legend:
 A = Non-vault XP
 B = Vault XP
 C = Vault XP percentage of total XP
 D = Non-vault monster count
 E = Vault monster count
 F = Vault count percentage of total count
                 A         B        C        D         E       F
            +---------+---------+-------+---------+---------+-------
      Total |       4 |       0 |   0.0 |       2 |       0 |   0.0
            +---------+---------+-------+---------+---------+-------
        D:1 |       2 |       0 |   0.0 |       1 |       0 |   0.0
        D:2 |       2 |       0 |   0.0 |       1 |       0 |   0.0
            +---------+---------+-------+---------+---------+-------
